 Dungeon Crawl Stone Soup version 0.29-a0-723-gce39da1c22 (console) character file.

Game seed: 13339564158859133578

161518 jejorda2 the Phalangite (level 17, -11/199 HPs)
             Began as a Merfolk Berserker on June 28, 2022.
             Was a High Priest of Trog.
             Mangled by a six-headed hydra (13 damage)
             ... on level 4 of the Swamp.
             The game lasted 01:29:26 (38339 turns).

jejorda2 the Phalangite (Merfolk Berserker)        Turns: 38339, Time: 01:29:27

Health: -11/199    AC: 14    Str: 27    XL:     17   Next: 79%
Magic:  0/17       EV: 14    Int:  8    God:    Trog [*****.]
Gold:   948        SH:  0    Dex: 13    Spells: 16/16 levels left

rFire   . . .      SeeInvis +   a - +1 bardiche (flame)
rCold   . . .      Faith    .   (shield currently unavailable)
rNeg    . . .      Spirit   +   Y - +0 chain mail {rPois}
rPois   +          Reflect  .   c - +2 helmet
rElec   .          Harm     .   t - +2 cloak
rCorr   .          Rampage  .   j - +2 pair of gloves
Will    ++...                   (boots currently unavailable)
Stlth   ..........              J - amulet "Cyrroate" {Spirit Str+3}
HPRegen 0.43/turn               v - ring of see invisible
MPRegen 0.15/turn               P - ring of willpower

@: berserking, corroded, very quick
A: nimble swimmer 2, mertail
a: Renounce Religion, Berserk, Trog's Hand, Brothers in Arms


You were on level 4 of the Swamp.
You worshipped Trog.
Trog was extremely pleased with you.
You visited 4 branches of the dungeon, and saw 27 of its levels.
You also visited: Bailey.

You collected 3079 gold pieces.
You spent 2131 gold pieces at shops.

Inventory:

Hand Weapons
 a - a +1 bardiche of flaming (weapon)
 w - the +5 spear of Pestilence {antimagic, +Blink rC+ rN+}
   (You bought it in a shop on level 14 of the Dungeon)

   It reduces the magical energy of the wielder, and disrupts the spells and
   magical abilities of those it strikes.
   Natural abilities and divine invocations are not affected.
   rC:        It protects you from cold.
   rN:        It protects you from negative energy.
   +Blink:    It lets you blink.
 B - the +8 short sword of Demand {vorpal, rElec Will+ rCorr}
   (You found it on level 8 of the Dungeon)

   It inflicts extra damage upon your enemies.
   rElec:     It insulates you from electricity.
   rCorr:     It protects you from acid and corrosion.
   Will:      It increases your willpower.
Missiles
 g - 8 throwing nets
 k - 5 silver boomerangs
 m - 48 poisoned darts
 s - 21 boomerangs (quivered)
 E - 2 curare-tipped darts
 H - 186 stones
 O - 2 boomerangs of dispersal
 T - 6 javelins
 W - 5 atropa-tipped darts
Armour
 c - a +2 helmet (worn)
 j - a +2 pair of gloves (worn)
 t - a +2 cloak (worn)
 G - a +1 plate armour of cold resistance
 Y - a +0 chain mail of poison resistance (worn)
Jewellery
 o - the ring of the Barracuda {Wiz rF+ rCorr Str-4}
   (You took it off a gnoll sergeant in a bailey)

   [ring of wizardry]

   It improves your spell success rate.
   Str:       It affects your strength (-4).
   rF:        It protects you from fire.
   rCorr:     It protects you from acid and corrosion.
 v - a ring of see invisible (left hand)
 J - the amulet "Cyrroate" (around neck) {Spirit Str+3}
   (You bought it in a shop on level 4 of the Dungeon)

   [amulet of guardian spirit]

   It causes incoming damage to be divided between your reserves of health and
   magic.
   Str:       It affects your strength (+3).
 L - a ring of protection from fire
 P - a ring of willpower (right hand)
Wands
 l - a wand of iceblast (42)
 n - a wand of digging (13)
 y - a wand of mindburst (38)
 D - a wand of acid (9)
 F - a wand of flame (90)
 I - a wand of charming (33)
Scrolls
 f - 10 scrolls of identify
 h - 8 scrolls of blinking
 i - 9 scrolls of magic mapping
 q - 16 scrolls of teleportation
 r - a scroll of silence
 x - a scroll of fog
 A - 4 scrolls of enchant weapon
 U - a scroll of fear
 V - a scroll of summoning
 X - a scroll of enchant armour
Potions
 d - 10 potions of curing
 e - 3 potions of might
 p - 3 potions of magic
 u - 6 potions of resistance
 z - a potion of invisibility
 C - 4 potions of haste
 K - 2 potions of heal wounds
 M - 2 potions of flight
 Q - 2 potions of cancellation
 R - a potion of berserk rage
 S - a potion of mutation
 Z - a potion of ambrosia
Miscellaneous
 b - a condenser vane
 N - a tin of tremorstones (2/2)


   Skills:
 - Level 12.0 Fighting
 - Level 25.0 Polearms
 * Level 15.5 Throwing
 + Level 11.9 Armour
 - Level 6.0 Dodging
 - Level 6.0 Evocations


You had 16 spell levels left.
You didn't know any spells.
Your spell library was empty.

Dungeon Overview and Level Annotations

Branches:
Dungeon (15/15)            Temple (0/1) D:4            Lair (6/6) D:9
  Swamp (4/4) Lair:3        Snake (0/4) Lair:3        Slime (0/5) Lair:5
    Orc (2/2) D:10            Elf (0/3) Orc:2        Vaults (0/5) D:14
 Depths (0/4) D:15         Bailey (visited)

Altars:
Ashenzari
Gozag
Nemelex Xobeh
Okawaru
Trog
Vehumet
Yredelemnul
The Shining One
Beogh
Jiyva

Shops:
D:3 !   D:4 *   D:14 :(   Orc:2 [*[[*

Annotations:
D:4 2 transporters
D:12 3 runed translucent doors
D:13 2 transporters, blackman's ghost, journeyman HOMo
D:14 exclusion: statue
Orc:2 1 runed translucent door, Pelinal's ghost, adept KoBr


Innate Abilities, Weirdness & Mutations

You are very nimble when in or above water. (Stealth+, EV+, Speed+++)
Your lower body shifts to a powerful aquatic tail in water.


Message History

You burn the 25-headed Lernaean hydra!!
The 25-headed Lernaean hydra is severely wounded.
The seven-headed hydra bites you but does no damage.
The seven-headed hydra bites you!
* * * LOW HITPOINT WARNING * * *
The seven-headed hydra bites you but does no damage. x2
The seven-headed hydra bites you.
* * * LOW HITPOINT WARNING * * *
The seven-headed hydra closely misses you.
The seven-headed hydra bites you!
* * * LOW HITPOINT WARNING * * *
The goliath frog closely misses you.
Unknown command.
Unknown command.
You slice one of the 25-headed Lernaean hydra's heads off!
The flame cauterises the wound!
You chop the 24-headed Lernaean hydra into pieces!!!
You burn the 24-headed Lernaean hydra!
You kill the 24-headed Lernaean hydra!
Trog accepts your kill.
A five-headed hydra comes into view.
The five-headed hydra roars!
You hit the seven-headed hydra but do no damage.
The goliath frog closely misses you.
The seven-headed hydra bites you but does no damage.
The seven-headed hydra bites you!
* * * LOW HITPOINT WARNING * * *
The seven-headed hydra bites you but does no damage.
The seven-headed hydra misses you.
The seven-headed hydra closely misses you.
The seven-headed hydra completely misses you.
The seven-headed hydra bites you.
* * * LOW HITPOINT WARNING * * *
Unknown command.
You hack one of the seven-headed hydra's heads off!
The flame cauterises the wound!
You slash the six-headed hydra! You burn the six-headed hydra!
You tail-slap the six-headed hydra.
The six-headed hydra is heavily wounded.
The goliath frog looks more healthy.
The six-headed hydra bites you!
You die...

.§≈≈.♣ ≈.≈≈§≈≈≈≈ .≈≈≈♣♣
[..≈≈≈≈≈. .≈♣♣♣ ###≈#≈F.k≈. ♣♣♣
#≈≈≈D≈#.≈≈≈ ≈≈♣♣♣♣ ##≈≈≈.°.....
♣♣♣♣≈♣♣♣♣ #≈≈#.D#
.♣♣.≈≈≈.♣♣#≈≈F≈[##
≈♣≈≈≈≈.≈≈♣##≈≈D#D# ♣♣.≈≈≈≈♣♣♣
##.°D@# )≈≈≈≈≈.♣ ♣♣#≈≈†###
..≈§≈≈♣♣ ♣≈###○≈# ≈..≈≈≈♣
♣.###.##### #♣♣ ♣♣.≈≈.♣♣
♣♣≈#..###≈♣ ♣≈#♣♣♣
♣♣♣≈≈≈.♣♣♣♣.#.^.#≈.♣♣♣♣♣♣≈≈≈≈♣
♣♣♣≈≈≈.≈.♣♣♣..≈.#.♣≈≈≈♣♣≈†≈≈≈♣♣
♣♣≈.≈.#♣♣♣♣♣♣.?..♣♣≈#≈≈♣≈≈≈≈≈≈♣
..≈≈)...♣.♣♣≈≈.♣♣♣≈...#≈≈≈#≈≈♣♣


You could see an eight-headed hydra, a six-headed hydra, 3 swamp dragons and a
goliath frog.

Vanquished Creatures
  the Lernaean hydra (Swamp:4)
  Jorgrun (Swamp:3)
  Kirke (Swamp:1)
  A thorn hunter (Lair:3)
  A fire giant (D:13)
  A very ugly thing (D:15)
  4 eleionomae
  2 bunyips
  An ettin (D:14)
  A mummy priest (D:14)
  A shambling mangrove (Swamp:3)
  7 boulder beetles
  20 hydras
  A rakshasa (D:15)
  Erolcha (D:9)
  5 ghost crabs
  A spriggan air mage (Swamp:2)
  Erica (D:9)
  6 two-headed ogres
  A catoblepas (Lair:4)
  2 centaur warriors (D:13)
  A two-headed ogre (shapeshifter) (D:15)
  8 alligators
  A death knight (D:13)
  A deep troll earth mage (D:13)
  21 death yaks
  3 orc high priests (Orc:2)
  14 skeletal warriors
  An iron troll (D:14)
  A goliath frog (Swamp:3)
  6 spriggan druids
  4 bog bodies
  An orange crystal statue (D:12)
  8 swamp dragons
  2 wizards (D:14)
  A glowing orange brain (D:15)
  5 orc knights (Orc:2)
  4 oklob plants
  2 lindwurms (Lair:6)
  4 deep elf pyromancers
  4 cyclopes
  3 orc sorcerers (Orc:2)
  5 will-o-the-wisps
  7 ugly things
  8 elephants
  5 manticores
  13 black mambas
  A black mamba (shapeshifter) (D:14)
  3 torpor snails
  2 gargoyles (D:12)
  13 cane toads
  An unseen horror (D:11)
  2 kobold demonologists
  2 yaktaurs
  2 freezing wraiths
  4 rime drakes
  6 komodo dragons
  2 efreet
  4 guardian mummies (D:14)
  2 bloated husks (Swamp:4)
  11 polar bears
  A wolf spider simulacrum (D:14)
  10 hornets
  2 trolls (D:10)
  9 tyrant leeches
  7 slime creatures
  2 raiju (Lair:6)
  9 blink frogs (Lair:6)
  7 dream sheep
  10 spriggans
  3 shadows
  2 wraiths
  2 wyverns
  6 basilisks
  7 hogs (Swamp:1)
  A golden eye (shapeshifter) (D:13)
  A steam dragon (D:7)
  49 yaks
  Grum (D:9)
  5 vampire mosquitoes
  16 swamp worms
  Menkaure (D:14)
  A naga (Lair:3)
  6 wargs
  4 acid dragons
  13 water moccasins
  15 hell hounds (Lair:6)
  16 orc warriors
  4 sky beasts
  10 swamp drakes
  An ice beast (shapeshifter) (D:14)
  15 black bears
  4 ogres
  24 wolves
  14 centaurs
  3 kobold brigands
  17 bullfrogs
  8 gnoll sergeants
  4 necrophages
  3 scorpions
  A wight (D:10)
  11 killer bees
  4 howler monkeys
  An electric eel (Lair:6)
  5 hounds
  A jelly (D:8)
  10 orc priests
  Crazy Yiuf (D:6)
  12 gnoll shamans
  2 iguanas
  Ijyb (D:5)
  16 orc wizards
  4 mummies (D:14)
  36 gnolls
  14 adders
  2 shadow imps
  2 worms
  4 dart slugs
  61 orcs
  7 bats
  7 endoplasms
  6 giant cockroaches
  4 hobgoblins
  3 jackals (D:1)
  15 kobolds
  3 quokkas
  8 ball pythons
  4 frilled lizards
  7 goblins
  6 rats
819 creatures vanquished.

Vanquished Creatures (collateral kills)
  Nikola (Swamp:4)
  The ghost of SirDiesAlot the Grappler, a journeyman TrBe of Trog (D:10)
  A hydra (Lair:6)
  2 oklob plants (Lair:5)
  2 ugly things (D:15)
  A black mamba (Lair:6)
  5 yaks
  A naga (Lair:3)
  A swamp worm (Swamp:4)
  A water moccasin (Lair:6)
  A centaur (D:10)
17 creatures vanquished.

Vanquished Creatures (others)
  A hydra (Swamp:4)
  A komodo dragon (shapeshifter) (D:14)
  An orc wizard (Orc:2)
  A hell rat (Lair:6)
  A briar patch (Swamp:1)
  19 foxfires
  41 fungi
  113 plants
  2 withered plants (Orc:2)
180 creatures vanquished.

Grand Total: 1016 creatures vanquished

Notes
Turn   | Place    | Note
-------+----------+-------------------------------------------
     0 | D:1      | jejorda2 the Merfolk Berserker began the quest for the Orb.
     0 | D:1      | Reached XP level 1. HP: 18/18 MP: 1/1
   114 | D:1      | Reached XP level 2. HP: 24/24 MP: 2/2
   551 | D:1      | Reached XP level 3. HP: 29/29 MP: 3/3
   631 | D:1      | Found a faded altar of an unknown god.
  1024 | D:2      | Reached skill level 5 in Polearms
  1067 | D:2      | Reached ** piety under Trog
  1764 | D:3      | Reached XP level 4. HP: 37/37 MP: 4/4
  1861 | D:3      | Found a basalt altar of Yredelemnul.
  1875 | D:3      | Found Uhutaorgh's Distillery.
  1995 | D:3      | Bought a potion of might for 40 gold pieces
  1995 | D:3      | Bought a potion of curing for 30 gold pieces
  1995 | D:3      | Bought a potion of resistance for 100 gold pieces
  2015 | D:3      | Reached skill level 6 in Polearms
  2015 | D:3      | Reached XP level 5. HP: 42/42 MP: 5/5
  2212 | D:3      | Found a bloodstained altar of Trog.
  2290 | D:4      | Found a transporter.
  2324 | D:4      | Found a transporter.
  2350 | D:4      | Reached *** piety under Trog
  2351 | D:4      | Reached XP level 6. HP: 49/49 MP: 6/6
  2388 | D:4      | Reached skill level 7 in Polearms
  2586 | D:4      | You fall into a shaft and drop 2 floors!
  2667 | D:6      | Noticed a sky beast
  2700 | D:6      | Killed a sky beast
  2701 | D:6      | Reached skill level 5 in Fighting
  2701 | D:6      | Reached XP level 7. HP: 50/56 MP: 7/7
  2788 | D:6      | Reached skill level 8 in Polearms
  3103 | D:6      | Noticed a shadow
  3111 | D:6      | Killed a shadow
  3112 | D:6      | Reached skill level 9 in Polearms
  3112 | D:6      | Reached XP level 8. HP: 64/64 MP: 8/8
  3375 | D:6      | Reached skill level 10 in Polearms
  3451 | D:6      | Found a runed translucent door.
  3452 | D:6      | Noticed Crazy Yiuf
  3461 | D:6      | Killed Crazy Yiuf
  3589 | D:6      | Found a broken altar of Ashenzari.
  3653 | D:5      | Entered Level 5 of the Dungeon
  3764 | D:5      | Noticed Ijyb
  3772 | D:5      | Killed Ijyb
  4011 | D:5      | Found an iron altar of Okawaru.
  4122 | D:5      | Reached skill level 11 in Polearms
  4134 | D:5      | Found a glowing golden altar of the Shining One.
  4278 | D:4      | Found a staircase to the Ecumenical Temple.
  4335 | D:4      | Reached **** piety under Trog
  4491 | D:4      | Found Gecemide's Assorted Antiques.
  4496 | D:4      | Bought a scroll labelled WEICLUTWEN for 23 gold pieces
  4496 | D:4      | Bought a bound amethyst amulet for 115 gold pieces
  4496 | D:4      | Identified the amulet "Cyrroate" {Spirit Str+3} (You bought
                  | it in a shop on level 4 of the Dungeon)
  4652 | D:7      | Noticed a wraith
  4713 | D:7      | Reached XP level 9. HP: 69/69 MP: 9/9
  4749 | D:7      | Reached skill level 12 in Polearms
  5002 | D:7      | Reached skill level 5 in Armour
  5514 | D:7      | Reached skill level 13 in Polearms
  5892 | D:8      | Found a flagged portal.
  5899 | Bailey   | Entered a bailey
  6451 | Bailey   | Reached skill level 14 in Polearms
  6556 | Bailey   | Reached XP level 10. HP: 76/76 MP: 8/10
  6557 | Bailey   | Identified the ring of the Barracuda {Wiz rF+ rCorr Str-4}
  6568 | Bailey   | Reached ***** piety under Trog
  6992 | Bailey   | Identified the +5 battleaxe of Reapportionment {vorpal,
                  | rElec rF- rC++ rCorr}
  7155 | D:8      | Reached skill level 15 in Polearms
  7686 | D:8      | Noticed a two-headed ogre
  7699 | D:8      | Noticed a boulder beetle
  7718 | D:8      | Killed a two-headed ogre
  7719 | D:8      | Reached skill level 16 in Polearms
  7721 | D:8      | Killed a boulder beetle
  7722 | D:8      | Reached skill level 17 in Polearms
  7760 | D:8      | Identified the +8 short sword of Demand {vorpal, rElec
                  | Will+ rCorr}
  8021 | D:8      | Found a sparkling altar of Nemelex Xobeh.
  8213 | D:9      | Noticed a kobold demonologist
  8345 | D:9      | Noticed Erica
  8359 | D:9      | Killed Erica
  8360 | D:9      | Reached XP level 11. HP: 81/81 MP: 7/11
  8655 | D:9      | Reached skill level 18 in Polearms
  8844 | D:9      | Reached skill level 5 in Dodging
  8892 | D:9      | Found a staircase to the Lair.
  8911 | D:9      | Noticed Erolcha
  8916 | D:9      | Killed Erolcha
  8946 | D:9      | Noticed Grum
  8967 | D:9      | Killed Grum
  9565 | D:4      | Bought a runed diamond ring for 115 gold pieces
  9565 | D:4      | Bought a runed scale mail for 161 gold pieces
  9686 | Lair:1   | Entered Level 1 of the Lair of Beasts
  9744 | Lair:1   | Reached skill level 1 in Evocations
  9844 | Lair:1   | Noticed a five-headed hydra
  9872 | Lair:1   | Killed a five-headed hydra
  9873 | Lair:1   | Reached skill level 19 in Polearms
 10093 | Lair:1   | Received a gift from Trog
 11595 | Lair:2   | Reached XP level 12. HP: 66/88 MP: 10/12
 11616 | Lair:2   | Reached skill level 20 in Polearms
 11738 | Lair:2   | Noticed a six-headed hydra
 11747 | Lair:2   | Killed a two-headed hydra
 11748 | Lair:2   | Reached skill level 5 in Evocations
 12674 | Lair:3   | Found a staircase to the Swamp.
 12783 | Lair:3   | Reached skill level 21 in Polearms
 13008 | Lair:3   | Found a staircase to the Snake Pit.
 14160 | Lair:4   | Reached XP level 13. HP: 94/98 MP: 13/13
 14164 | Lair:4   | Reached skill level 22 in Polearms
 14481 | Lair:4   | Received a gift from Trog
 14693 | Lair:4   | Reached skill level 23 in Polearms
 15284 | Lair:4   | Reached skill level 10 in Fighting
 15911 | Lair:5   | Identified the +2 dagger of the Hated {freeze, MP+9 Str+7
                  | Int-3}
 16524 | Lair:5   | Reached skill level 24 in Polearms
 16782 | Lair:5   | Found a viscous altar of Jiyva.
 16831 | Lair:5   | Found a staircase to the Slime Pits.
 16837 | Lair:5   | Reached XP level 14. HP: 111/111 MP: 14/14
 16878 | Lair:6   | Entered Level 6 of the Lair of Beasts
 17396 | Lair:6   | Identified the +7 great mace "Jutogh" {vorpal, Fly}
 17664 | Lair:6   | Reached skill level 25 in Polearms
 17878 | Lair:6   | Reached skill level 1 in Throwing
 19312 | Lair:6   | Reached skill level 5 in Throwing
 19767 | Lair:6   | Reached XP level 15. HP: 107/120 MP: 11/15
 20419 | D:4      | Bought a glowing plate armour for 598 gold pieces
 20530 | D:10     | Entered Level 10 of the Dungeon
 20960 | D:10     | Found a runed translucent gate.
 20961 | D:10     | Found a runed translucent gate.
 20961 | D:10     | Found a runed translucent gate.
 20962 | D:10     | Found an opulent altar of Gozag.
 20962 | D:10     | Noticed SirDiesAlot's ghost (journeyman TrBe)
 21587 | D:10     | Found an opulent altar of Gozag.
 21684 | D:10     | Found a staircase to the Orcish Mines.
 21859 | D:10     | Killed SirDiesAlot's ghost
 22650 | D:12     | Found a runed translucent door.
 22665 | D:12     | Found a runed translucent door.
 22972 | D:12     | Found a runed translucent door.
 23059 | D:12     | Found a runed translucent door.
 23398 | D:13     | Received a gift from Trog
 24015 | D:13     | HP: 1/120 [boulder beetle (42)]
 24556 | D:13     | Noticed a fire giant
 24573 | D:13     | Killed a fire giant
 25183 | D:13     | Found a transporter.
 25188 | D:13     | Found a bloodstained altar of Trog.
 25194 | D:13     | Noticed blackman's ghost (journeyman HOMo)
 25211 | D:13     | Found a transporter.
 26096 | D:14     | Reached XP level 16. HP: 99/127 MP: 13/16
 26399 | D:14     | Found a gate to the Vaults.
 26451 | D:14     | Found Rossex's Book Boutique.
 26504 | D:14     | Found a radiant altar of Vehumet.
 26556 | D:14     | Found Duapro Jatz's Antique Weapon Shoppe.
 26561 | D:14     | Bought a slimy spear for 288 gold pieces
 26561 | D:14     | Identified the +5 spear of Pestilence {antimagic, +Blink
                  | rC+ rN+} (You bought it in a shop on level 14 of the
                  | Dungeon)
 26592 | D:14     | Reached skill level 10 in Throwing
 27222 | D:14     | Noticed Menkaure
 27227 | D:14     | Killed Menkaure
 27245 | D:14     | Identified the +7 arbalest of Kawniado {vorpal, Will+
                  | Dex+3}
 27340 | D:14     | Reached skill level 10 in Armour
 27392 | D:15     | Entered Level 15 of the Dungeon
 28881 | D:15     | Found a staircase to the Depths.
 29345 | Orc:1    | Entered Level 1 of the Orcish Mines
 29510 | Orc:2    | Entered Level 2 of the Orcish Mines
 29796 | Orc:2    | Found Quneumy's General Store.
 29959 | Orc:2    | Found a staircase to the Elven Halls.
 30281 | Orc:2    | Found a bloodstained altar of Trog.
 30544 | Orc:2    | Received a gift from Trog
 30688 | Orc:2    | Found Fotot's Armour Shoppe.
 30688 | Orc:2    | Found Kempof's Antique Armour Boutique.
 30690 | Orc:2    | Found Jeerghoupt's Armour Shoppe.
 30690 | Orc:2    | Found Fonuic's General Store.
 30736 | Orc:2    | Found a runed translucent door.
 30736 | Orc:2    | Noticed Pelinal's ghost (adept KoBr)
 30878 | Orc:2    | Bought a faintly humming helmet for 237 gold pieces
 30878 | Orc:2    | Identified the +1 helmet of Zubranus {*Slow Will+ Str+7}
                  | (You bought it in a shop on level 2 of the Orcish Mines)
 30878 | Orc:2    | Bought a smoking cloak for 237 gold pieces
 30878 | Orc:2    | Identified the +0 cloak "Boimuqaojy" {*Corrode Dex+6
                  | Slay+5} (You bought it in a shop on level 2 of the Orcish
                  | Mines)
 30878 | Orc:2    | Bought a glowing chain mail for 187 gold pieces
 31082 | Swamp:1  | Entered Level 1 of the Swamp
 31086 | Swamp:1  | Noticed a thorn hunter
 31350 | Lair:3   | Killed a thorn hunter
 32092 | Swamp:1  | Noticed Kirke
 32116 | Swamp:1  | Killed Kirke
 32364 | Swamp:1  | HP: 6/127 [three-headed hydra (8)]
 33201 | Swamp:2  | Reached XP level 17. HP: 72/125 MP: 8/17
 34320 | Swamp:3  | Noticed Jorgrun
 35423 | Swamp:3  | Noticed a tentacled monstrosity
 36340 | Swamp:3  | Killed Jorgrun
 36614 | Swamp:4  | Entered Level 4 of the Swamp
 37422 | Swamp:4  | Noticed Nikola
 37451 | Swamp:4  | Killed Nikola
 37452 | Swamp:4  | Reached skill level 15 in Throwing
 38331 | Swamp:4  | Noticed the 27-headed Lernaean hydra
 38336 | Swamp:4  | Killed the 24-headed Lernaean hydra
 38337 | Swamp:4  | HP: 5/199 [seven-headed hydra (11)]
 38337 | Swamp:4  | HP: 1/199 [seven-headed hydra (4)]
 38339 | Swamp:4  | Mangled by a six-headed hydra

Illustrated notes

Levels and vault maps discovered:
D:1:      nzn_arrival_settlement, layout_basic,
          shapermc_ecumenical_altar_pompeii, minmay_worlds_worst_comb
D:2:      layout_basic
D:3:      layout_rooms, mainiacjoe_overflow_big_doors, serial_shops, shop
D:4:      gammafunk_wand_slinger, layout_basic, minmay_temple_entry_tees,
          serial_shops, nicolae_shop_hallway_plus, minmay_unequal
D:5:      layout_cave_pools, okawaru_ov_weapons_minmay,
          mainiacjoe_overflow_cross_hatched, uniq_ijyb
D:6:      layout_rooms, mainiacjoe_overflow_tiny_flanked,
          uniq_crazy_yiuf_cottage
D:7:      layout_basic
D:8:      minmay_chambers_of_sixes, layout_loops_ring,
          nemelex_spade_bored_becter, enter_bailey_1
D:9:      layout_long_grid, grunt_lair_entry_orc_guard_hut, uniq_erolcha,
          uniq_erica, uniq_grum
D:10:     minmay_octagon_keep, layout_stronghold, grunt_gozag_statues,
          orc_0_dummy, ebering_ghost_gozag
D:11:     layout_long_grid
D:12:     layout_cave_pools, minmay_statue_crystal_thing
D:13:     minmay_containers, layout_irregular_city,
          gammafunk_ghost_wrathful_warriors
D:14:     ragdoll_tomb_raider, layout_irregular_city, david_vaults_4,
          serial_shops, nicolae_lakefront_shop, shop,
          wad_floor_pattern_untrapped, vehumet_statue
D:15:     gammafunk_enter_depths_forms, layout_cave_pods
Lair:1:   layout_gridlike, lemuel_fruit_tree, grunt_megastairs_3
Lair:2:   minmay_lair_venomous_thicket, layout_big_grid
Lair:3:   layout_small_grid, skrybe_swamp_entry_bodies,
          minmay_snake_entry_guardpost_small, nicolae_quartered_pool_impasse
Lair:4:   layout_roguey, nicolae_lair_yak_garden
Lair:5:   layout_cave_pods, minmay_slime_entry_oklob_open
Lair:6:   hangedman_lair_caniforms_friends, layout_cave_pods,
          hangedman_lair_in_review, infiniplex_staircase_pool
Swamp:1:  layout_falls_marsh, serial_swamp_ruin, hangedman_swamp_ruin_hall,
          evilmike_swamp_ruin_house_5, uniq_kirke
Swamp:2:  layout_basic_swamp, evilmike_swamp_ruin_house_2, swamp_pool5
Swamp:3:  layout_basic_swamp, hangedman_swamp_pad, uniq_jorgrun
Swamp:4:  swamp_old_school, layout_basic_swamp, uniq_nikola
Orc:1:    layout_diamond_mine, mines1_david
Orc:2:    grunt_orc_tribal_feast, layout_caves, gammafunk_ghost_grave,
          basic_altar, serial_shops, nicolae_diamond_shop

Skill      XL: |  1  2  3  4  5  6  7  8  9 10 11 12 13 14 15 16 17 |
---------------+----------------------------------------------------+-----
Polearms       | 5 6 7 9 11 14 17 19 21 24 25 | 25.0
Fighting       | 4 5 6 8 10 12 | 12.0
Armour         | 2 3 4 5 6 7 9 11 | 11.9
Dodging        | 4 6 |  6.0
Evocations     | 4 6 |  6.0
Throwing       | 5 9 13 15 | 15.5

Action                   |  1- 3 |  4- 6 |  7- 9 | 10-12 | 13-15 | 16-18 || total
-------------------------+-------+-------+-------+-------+-------+-------++-------
Melee: Spear             |   146 |   148 |    76 |       |       |       ||   370
       Punch             |     3 |     4 |       |     1 |       |       ||     8
       Halberd           |       |       |   266 |   238 |       |       ||   504
       Glaive            |       |       |       |    61 |       |       ||    61
       Trident           |       |       |       |    37 |       |       ||    37
       Bardiche          |       |       |       |   261 |   867 |   842 ||  1970
       Tailslap          |       |       |       |       |     1 |    35 ||    36
       Short sword       |       |       |       |       |       |    15 ||    15
Throw: Stone             |       |     8 |     7 |     5 |    12 |       ||    32
       Dart              |       |       |       |     1 |     6 |       ||     7
       Boomerang         |       |       |       |       |    12 |     8 ||    20
Invok: Berserk           |     1 |     2 |     4 |    11 |    14 |    14 ||    46
       Trog's Hand       |       |     2 |     2 |     3 |     8 |     9 ||    24
       Brothers in Arms  |       |       |       |     1 |     5 |     2 ||     8
Evoke: Wand              |       |       |       |       |     3 |     1 ||     4
  Use: Scroll            |       |       |    21 |     3 |     7 |     7 ||    38
       Potion            |       |       |     1 |       |     5 |     4 ||    10
 Stab: Invisible         |       |       |       |       |     1 |       ||     1
       Confused          |       |       |       |       |       |     1 ||     1
Armor: Animal skin       |     1 |       |       |       |       |       ||     1
       Scale mail        |    38 |       |       |   140 |   156 |       ||   334
       Chain mail        |       |    44 |    42 |   101 |       |   321 ||   508
       Plate armour      |       |       |    79 |    24 |   145 |    68 ||   316
Dodge: Dodged            |    44 |    41 |    99 |   250 |   315 |   333 ||  1082

Table legend: (Time is in decaauts)
 A = Elapsed time spent in this place.
 B = Non-inter-level travel time spent in this place.
 C = Inter-level travel time spent in this place.
 D = Time resting spent in this place.
 E = Time spent auto-exploring this place.
 F = Levels seen in this place.
 G = Mean time per level.
                   A        B        C        D        E       F      G
               +--------+--------+--------+--------+--------+-----+--------+
         Total |  37639 |  35754 |   1885 |   5494 |  24824 |  28 | 1344.2 |
       Dungeon |  17496 |  16185 |   1311 |   2313 |  11335 |  15 | 1166.4 |
          Lair |  10944 |  10596 |    348 |   1926 |   7221 |   6 | 1824.0 |
         Swamp |   6470 |   6374 |     96 |    909 |   4656 |   4 | 1617.5 |
  Orcish Mines |   1565 |   1435 |    130 |    234 |    936 |   2 |  782.5 |
        Bailey |   1162 |   1162 |      0 |    110 |    674 |   1 | 1162.0 |
               +--------+--------+--------+--------+--------+-----+--------+

Top non-repeatable levels by time:
  Lair:6: 3259 daAuts
 Swamp:3: 2319 daAuts
    D:14: 2211 daAuts
  Lair:4: 1942 daAuts
  Lair:1: 1771 daAuts
    D:13: 1660 daAuts
 Swamp:2: 1548 daAuts
    D:15: 1518 daAuts
 Swamp:1: 1463 daAuts
    D:10: 1454 daAuts
  Lair:3: 1446 daAuts
     D:8: 1409 daAuts
     D:6: 1322 daAuts
   Orc:2: 1312 daAuts
  Lair:2: 1280 daAuts
